cohdb
Replays
Latest Replays
All Replays
Popular Replays
Top Player Replays
Match Explorer
How It Works
Community
CoH3 Stats
Reddit
Sign in to upload your games and track your stats! →
Sign in with Steam
Match 19940476
Unlisted
Match 19940476
Overview
Messages
Build Orders
End
Royal Engineer Section
Construct Section Command Post
Infantry Section
Selects Air and Sea Battlegroup
Dingo Light Scout Car
Infantry Section
Construct Platoon Command Post
Infantry Section
Royal Engineer Section
6-pounder Anti-tank Gun Team
Selects Supply Surplus
Construct Field Infirmary
Selects Centaur Medium Tank
Centaur Medium Tank
Infantry Training
Infantry Section
Construct Company Command Post
Grenade Package
Foot Guards Section
Selects Commando Section Paradrop
Selects M1 Pack Howitzer Paradrop
Matilda II Heavy Tank
Selects Incendiary Bombing Run
Infantry Section
Incendiary Bombing Run
AI Takeover
In It For The Hats
MonoChrome
0
0
Comments
sign in to comment!
No comments posted yet!